TOP OF THE 1ST |
Cincinnati Reds batting - Pitching for St. Louis Cardinals : RHP Chris Bassitt
|
Pitching: RHP Chris Bassitt
|
|
Batting: RHB Trea Turner
|
0-0: Ball 1-0: Ball 2-0: Ball 3-0: Base on Balls
|
Batting: LHB Robinson Cano
|
0-0: Ball 1-0: Ball 2-0: Ball 3-0: Base on Balls Trea Turner to second
|
Batting: RHB Gio Urshela
|
0-0: Ball 1-0: SINGLE (Line Drive, 56D, EV 96.9 MPH) Trea Turner to third Robinson Cano to second
|
Batting: LHB Joey Gallo
|
0-0: Foul Ball, location: 2F 0-1: Fly out, F9 (Flyball, 89S, EV 75.0 MPH)
|
Batting: LHB Gregory Polanco
|
0-0: Called Strike 0-1: Ball 1-1: Fly out, F8 (Flyball, 8RM, EV 88.8 MPH) Runner from 3rd tags up, SCORES, throw by CF
|
Batting: RHB Tomas Nido
|
0-0: Called Strike 0-1: Swinging Strike 0-2: Fly out, F2 (Popup, 2R, EV 95.0 MPH)
|
Top of the 1st over - 1 run, 1 hit, 0 errors, 2 left on base; Cincinnati 1 - St. Louis 0 |
BOTTOM OF THE 1ST |
St. Louis Cardinals batting - Pitching for Cincinnati Reds : RHP Danny Salazar
|
Pitching: RHP Danny Salazar
|
|
Batting: RHB Luis Urias
|
0-0: Ball 1-0: Ball 2-0: Foul Ball, location: 2F 2-1: Fly out, F8 (Line Drive, 8LM, EV 88.8 MPH)
|
Batting: LHB Juan Soto
|
0-0: Called Strike 0-1: Ball 1-1: Ball 2-1: Foul Ball, location: 2F 2-2: Ground out 5-3 (Groundball, 56, EV 105.6 MPH)
|
Batting: SHB Ozzie Albies
|
0-0: Called Strike 0-1: Foul Ball, location: 2F 0-2: Ball 1-2: Strikes out looking
|
Bottom of the 1st over - 0 runs, 0 hits, 0 errors, 0 left on base; Cincinnati 1 - St. Louis 0 |
TOP OF THE 2ND |
Cincinnati Reds batting - Pitching for St. Louis Cardinals : RHP Chris Bassitt
|
Batting: SHB Adalberto Mondesi
|
0-0: Ball 1-0: Ground out 5-3 (Groundball, 5, EV 83.1 MPH)
|
Batting: RHB Kevin Newman
|
0-0: Called Strike 0-1: Foul Ball, location: 2F 0-2: SOLO HOME RUN (Flyball, 78XD, EV 98.8 MPH), Distance : 414 ft
|
Batting: RHB Danny Salazar
|
0-0: Ball 1-0: Ball 2-0: Swinging Strike 2-1: Foul Ball, location: 2F 2-2: Strikes out swinging
|
Batting: RHB Trea Turner
|
0-0: Called Strike 0-1: Foul Ball, location: 2F 0-2: Ball 1-2: Ball 2-2: TRIPLE (Flyball, 78XD, EV 103.8 MPH)
|
Batting: LHB Robinson Cano
|
0-0: Ball 1-0: SINGLE (Line Drive, 7S, EV 95.6 MPH) Trea Turner scores
|
Batting: RHB Gio Urshela
|
0-0: Fly out, F8 (Flyball, 8RS, EV 82.5 MPH)
|
Top of the 2nd over - 2 runs, 3 hits, 0 errors, 1 left on base; Cincinnati 3 - St. Louis 0 |
BOTTOM OF THE 2ND |
St. Louis Cardinals batting - Pitching for Cincinnati Reds : RHP Danny Salazar
|
Batting: RHB Alex Bregman
|
0-0: Ball 1-0: Called Strike 1-1: Foul Ball, location: 2F 1-2: Ball 2-2: Ball 3-2: SOLO HOME RUN (Flyball, 7D, EV 113.1 MPH), Distance : 388 ft
|
Batting: LHB Austin Meadows
|
0-0: Called Strike 0-1: Swinging Strike 0-2: Strikes out swinging
|
Batting: SHB Yasmani Grandal
|
0-0: Foul Ball, location: 2F 0-1: Foul Ball, location: 2F 0-2: Foul Ball, location: 2F 0-2: Ball 1-2: Ball 2-2: Ball 3-2: Ground out U3 (Groundball, 3, EV 102.5 MPH)
|
Batting: RHB Todd Frazier
|
0-0: Ball 1-0: Ball 2-0: Ground out 6-3 (Groundball, 6, EV 83.1 MPH)
|
Bottom of the 2nd over - 1 run, 1 hit, 0 errors, 0 left on base; Cincinnati 3 - St. Louis 1 |
TOP OF THE 3RD |
Cincinnati Reds batting - Pitching for St. Louis Cardinals : RHP Chris Bassitt
|
Batting: LHB Joey Gallo
|
0-0: Ball 1-0: Foul Ball, location: 2F 1-1: Swinging Strike 1-2: Ball 2-2: Strikes out swinging
|
Batting: LHB Gregory Polanco
|
0-0: Called Strike 0-1: Swinging Strike 0-2: Strikes out looking
|
Batting: RHB Tomas Nido
|
0-0: Ground out 5-3 (Groundball, 56S, EV 89.4 MPH)
|
Top of the 3rd over - 0 runs, 0 hits, 0 errors, 0 left on base; Cincinnati 3 - St. Louis 1 |
BOTTOM OF THE 3RD |
St. Louis Cardinals batting - Pitching for Cincinnati Reds : RHP Danny Salazar
|
Batting: RHB Hernan Perez
|
0-0: SINGLE (Line Drive, 8LS, EV 90.6 MPH)
|
Batting: RHB Chris Bassitt
|
0-0: Ball 1-0: Sac Bunt to 13 - play at first, batter OUT! 1-4 Hernan Perez to second
|
Batting: RHB Luis Urias
|
0-0: Ball 1-0: Ball 2-0: Ball 3-0: Base on Balls
|
Batting: LHB Juan Soto
|
0-0: Swinging Strike 0-1: Foul Ball, location: 2F 0-2: Ball 1-2: Foul Ball, location: 2F 1-2: Foul Ball, location: 2F 1-2: Fly out, F8 (Flyball, 8RD, EV 102.5 MPH) Runner from 2nd tags up, SAFE at 3rd with throw by CF
|
Batting: SHB Ozzie Albies
|
0-0: Ball 1-0: Foul Ball, location: 2F 1-1: Foul Ball, location: 2F 1-2: Strikes out swinging
|
Bottom of the 3rd over - 0 runs, 1 hit, 0 errors, 2 left on base; Cincinnati 3 - St. Louis 1 |
TOP OF THE 4TH |
Cincinnati Reds batting - Pitching for St. Louis Cardinals : RHP Chris Bassitt
|
Batting: SHB Adalberto Mondesi
|
0-0: Ball 1-0: Ball 2-0: Swinging Strike 2-1: DOUBLE (Line Drive, 7LD, EV 112.5 MPH)
|
Batting: RHB Kevin Newman
|
0-0: Ball 1-0: SINGLE (Groundball, 6D, EV 104.4 MPH) Adalberto Mondesi to third
|
Batting: RHB Danny Salazar
|
0-0: Bunted foul 0-1: Sac Bunt to 25 - play at second, runner OUT! 5-6
|
Batting: RHB Trea Turner
|
0-0: Called Strike 0-1: Foul Ball, location: 2F 0-2: Foul Ball, location: 2F 0-2: Fly out, F8 (Flyball, 8LM, EV 86.3 MPH) Runner from 3rd tags up, OUT at HOME! 8-2
|
Top of the 4th over - 0 runs, 2 hits, 0 errors, 1 left on base; Cincinnati 3 - St. Louis 1 |
BOTTOM OF THE 4TH |
St. Louis Cardinals batting - Pitching for Cincinnati Reds : RHP Danny Salazar
|
Batting: RHB Alex Bregman
|
0-0: Ball 1-0: Foul Ball, location: 2F 1-1: Fly out, F7 (Line Drive, 7, EV 90.6 MPH)
|
Batting: LHB Austin Meadows
|
0-0: Called Strike 0-1: SINGLE (Flyball, 4D, EV 91.3 MPH)
|
Batting: SHB Yasmani Grandal
|
0-0: Called Strike 0-1: Called Strike 0-2: Ball 1-2: Strikes out looking
|
Batting: RHB Todd Frazier
|
0-0: Called Strike 0-1: SINGLE (Groundball, 56S, EV 71.9 MPH) (infield hit) Austin Meadows to second
|
Batting: RHB Hernan Perez
|
0-0: Ball 1-0: Fly out, F5 (Popup, 5SF, EV 77.5 MPH)
|
Bottom of the 4th over - 0 runs, 2 hits, 0 errors, 2 left on base; Cincinnati 3 - St. Louis 1 |
TOP OF THE 5TH |
Cincinnati Reds batting - Pitching for St. Louis Cardinals : RHP Chris Bassitt
|
Batting: LHB Robinson Cano
|
0-0: Ball 1-0: Called Strike 1-1: Called Strike 1-2: Ball 2-2: Foul Ball, location: 2F 2-2: Ball 3-2: Ground out 4-3 (Groundball, 4, EV 80.6 MPH)
|
Batting: RHB Gio Urshela
|
0-0: Called Strike 0-1: Called Strike 0-2: Foul Ball, location: 2F 0-2: Ball 1-2: Fly out, F9 (Flyball, 89S, EV 85.6 MPH)
|
Batting: LHB Joey Gallo
|
0-0: Ball 1-0: Called Strike 1-1: Foul Ball, location: 2F 1-2: Ball 2-2: Ball 3-2: Strikes out swinging
|
Top of the 5th over - 0 runs, 0 hits, 0 errors, 0 left on base; Cincinnati 3 - St. Louis 1 |
BOTTOM OF THE 5TH |
St. Louis Cardinals batting - Pitching for Cincinnati Reds : RHP Danny Salazar
|
Batting: RHB Chris Bassitt
|
0-0: Ball 1-0: Called Strike 1-1: Ball 2-1: Ball 3-1: Foul Ball, location: 2F 3-2: Ground out 5-3 (Groundball, 5L, EV 81.3 MPH)
|
Batting: RHB Luis Urias
|
0-0: Ball 1-0: Foul Ball, location: 2F 1-1: Called Strike 1-2: Foul Ball, location: 2F 1-2: Ball 2-2: Strikes out swinging
|
Batting: LHB Juan Soto
|
0-0: Foul Ball, location: 2F 0-1: Fly out, F8 (Flyball, 8RM, EV 90.0 MPH)
|
Bottom of the 5th over - 0 runs, 0 hits, 0 errors, 0 left on base; Cincinnati 3 - St. Louis 1 |
TOP OF THE 6TH |
Cincinnati Reds batting - Pitching for St. Louis Cardinals : RHP Chris Bassitt
|
Batting: LHB Gregory Polanco
|
0-0: Called Strike 0-1: Ball 1-1: Ball 2-1: Ball 3-1: Called Strike 3-2: Foul Ball, location: 2F 3-2: Fly out, F7 (Line Drive, 8LM, EV 95.0 MPH)
|
Batting: RHB Tomas Nido
|
0-0: Called Strike 0-1: Called Strike 0-2: Strikes out swinging
|
Batting: SHB Adalberto Mondesi
|
0-0: Ball 1-0: Ball 2-0: Ball 3-0: Called Strike 3-1: Ground out U3 (Groundball, 34, EV 107.5 MPH)
|
Top of the 6th over - 0 runs, 0 hits, 0 errors, 0 left on base; Cincinnati 3 - St. Louis 1 |
BOTTOM OF THE 6TH |
St. Louis Cardinals batting - Pitching for Cincinnati Reds : RHP Danny Salazar
|
Batting: SHB Ozzie Albies
|
0-0: Ball 1-0: DOUBLE (Line Drive, 89XD, EV 109.4 MPH)
|
Batting: RHB Alex Bregman
|
0-0: Foul Ball, location: 2F 0-1: Ball 1-1: Ball 2-1: Fly out, F9 (Flyball, 89M, EV 78.1 MPH)
|
Batting: LHB Austin Meadows
|
0-0: Ball 1-0: Foul Ball, location: 2F 1-1: Foul Ball, location: 2F 1-2: Strikes out swinging
|
Batting: SHB Yasmani Grandal
|
0-0: Ball 1-0: Swinging Strike 1-1: Fly out, F4 (Flyball, 34D, EV 96.9 MPH)
|
Bottom of the 6th over - 0 runs, 1 hit, 0 errors, 1 left on base; Cincinnati 3 - St. Louis 1 |
TOP OF THE 7TH |
Cincinnati Reds batting - Pitching for St. Louis Cardinals : RHP Chris Bassitt
|
Pitching: LHP Hoby Milner
|
|
Batting: RHB Kevin Newman
|
0-0: Ball 1-0: Ball 2-0: Called Strike 2-1: Foul Ball, location: 2F 2-2: Ground out 4-3 (Groundball, 4, EV 83.8 MPH)
|
Pinch Hitting: RHB Chad Pinder
|
0-0: Ball 1-0: Foul Ball, location: 2F 1-1: Swinging Strike 1-2: Foul Ball, location: 2F 1-2: Strikes out swinging
|
Batting: RHB Trea Turner
|
0-0: Ball 1-0: Fly out, F7 (Flyball, 78M, EV 78.8 MPH)
|
Top of the 7th over - 0 runs, 0 hits, 0 errors, 0 left on base; Cincinnati 3 - St. Louis 1 |
BOTTOM OF THE 7TH |
St. Louis Cardinals batting - Pitching for Cincinnati Reds : RHP Danny Salazar
|
Pitching: LHP Patrick Dayton
|
|
Batting: RHB Todd Frazier
|
0-0: Ball 1-0: Swinging Strike 1-1: Ball 2-1: Ground out 5-3 (Groundball, 56, EV 85.6 MPH)
|
Batting: RHB Hernan Perez
|
0-0: Foul Ball, location: 2F 0-1: Ball 1-1: Called Strike 1-2: Fly out, F8 (Flyball, 8RD, EV 103.1 MPH)
|
Pinch Hitting: RHB Harrison Bader
|
0-0: Called Strike 0-1: Foul Ball, location: 2F 0-2: Ball 1-2: Ball 2-2: Strikes out swinging
|
Bottom of the 7th over - 0 runs, 0 hits, 0 errors, 0 left on base; Cincinnati 3 - St. Louis 1 |
TOP OF THE 8TH |
Cincinnati Reds batting - Pitching for St. Louis Cardinals : LHP Hoby Milner
|
Pitching: LHP Jose Alvarez
|
|
Batting: LHB Robinson Cano
|
0-0: Ball 1-0: SINGLE (Line Drive, 56D, EV 106.9 MPH)
|
Batting: RHB Gio Urshela
|
0-0: Ball 1-0: Called Strike 1-1: SINGLE (Groundball, 3D, EV 108.8 MPH) Robinson Cano to second Throwing error, E9 Robinson Cano scores Gio Urshela to second
|
Batting: LHB Joey Gallo
|
0-0: Ball 1-0: Ball 2-0: Foul Ball, location: 2F 2-1: Foul Ball, location: 2F 2-2: DOUBLE (Line Drive, 7LM, EV 108.1 MPH) Gio Urshela scores
|
Batting: LHB Gregory Polanco
|
0-0: Foul Ball, location: 2F 0-1: Called Strike 0-2: Foul Ball, location: 2F 0-2: Ball 1-2: Foul Ball, location: 2F 1-2: DOUBLE (Line Drive, 7LM, EV 111.3 MPH) Joey Gallo scores
|
Pitching: RHP Dillon Maples
|
|
Batting: RHB Tomas Nido
|
0-0: Called Strike 0-1: Ball 1-1: Called Strike 1-2: Ball 2-2: Fly out, F9 (Flyball, 9S, EV 91.3 MPH)
|
Batting: SHB Adalberto Mondesi
|
0-0: Swinging Strike 0-1: Foul Ball, location: 2F 0-2: Strikes out swinging
|
Batting: RHB Kevin Newman
|
0-0: Ball 1-0: Ball 2-0: Ball 3-0: Base on Balls
|
Pinch Hitting: RHB Nelson Cruz
|
0-0: Called Strike 0-1: Ball 1-1: Foul Ball, location: 2F 1-2: Strikes out swinging
|
Top of the 8th over - 3 runs, 4 hits, 1 error, 2 left on base; Cincinnati 6 - St. Louis 1 |
BOTTOM OF THE 8TH |
St. Louis Cardinals batting - Pitching for Cincinnati Reds : LHP Patrick Dayton
|
Pitching: RHP Bruce Rondon
|
|
Batting: RHB Luis Urias
|
0-0: Called Strike 0-1: Ball 1-1: Foul Ball, location: 2F 1-2: Ball 2-2: Strikes out looking
|
Batting: LHB Juan Soto
|
0-0: Ball 1-0: Ball 2-0: Ball 3-0: Base on Balls
|
Batting: SHB Ozzie Albies
|
0-0: Ball 1-0: Called Strike 1-1: Ball 2-1: DOUBLE (Line Drive, 9LS, EV 99.4 MPH) Juan Soto to third Runner from 3rd tries for Home, SAFE, throw by RF to home
|
Batting: RHB Alex Bregman
|
0-0: Ball 1-0: Foul Ball, location: 2F 1-1: Ball 2-1: Ball 3-1: Ground out 5-3 (Groundball, 56, EV 93.1 MPH)
|
Batting: LHB Austin Meadows
|
0-0: Ball 1-0: Foul Ball, location: 2F 1-1: Ball 2-1: Foul Ball, location: 2F 2-2: Ball 3-2: DOUBLE (Flyball, 8LXD, EV 109.4 MPH) Ozzie Albies scores
|
Batting: SHB Yasmani Grandal
|
0-0: Ball 1-0: Ball 2-0: Ball 3-0: Base on Balls
|
Batting: RHB Todd Frazier
|
0-0: Foul Ball, location: 2F 0-1: Ball 1-1: Called Strike 1-2: Ball 2-2: Foul Ball, location: 2F 2-2: Foul Ball, location: 2F 2-2: Foul Ball, location: 2F 2-2: Strikes out swinging
|
Bottom of the 8th over - 2 runs, 2 hits, 0 errors, 2 left on base; Cincinnati 6 - St. Louis 3 |
TOP OF THE 9TH |
Cincinnati Reds batting - Pitching for St. Louis Cardinals : RHP Dillon Maples
|
Pitching: RHP Trevor Gott
|
|
Batting: RHB Trea Turner
|
0-0: Ball 1-0: Called Strike 1-1: Ball 2-1: Ball 3-1: Called Strike 3-2: Fly out, F8 (Flyball, 89D, EV 90.0 MPH)
|
Batting: LHB Robinson Cano
|
0-0: Ball 1-0: Foul Ball, location: 2F 1-1: Ball 2-1: Ball 3-1: DOUBLE (Line Drive, 89M, EV 106.3 MPH)
|
Batting: RHB Gio Urshela
|
0-0: Ball 1-0: Swinging Strike 1-1: Fly out, F7 (Flyball, 7, EV 91.3 MPH)
|
Batting: LHB Joey Gallo
|
0-0: Ball 1-0: Ball 2-0: Ball 3-0: Base on Balls
|
Batting: LHB Gregory Polanco
|
0-0: Ball 1-0: Called Strike 1-1: Ball 2-1: Ball 3-1: Base on Balls Robinson Cano to third Joey Gallo to second
|
Pitching: LHP Justin Wilson
|
|
Batting: RHB Tomas Nido
|
0-0: Ball 1-0: Called Strike 1-1: Swinging Strike 1-2: Ball 2-2: Strikes out swinging
|
Top of the 9th over - 0 runs, 1 hit, 0 errors, 3 left on base; Cincinnati 6 - St. Louis 3 |
BOTTOM OF THE 9TH |
St. Louis Cardinals batting - Pitching for Cincinnati Reds : RHP Bruce Rondon
|
Pitching: LHP Rex Brothers
|
|
Batting: RHB Hernan Perez
|
0-0: Swinging Strike 0-1: Ball 1-1: SINGLE (Line Drive, 78M, EV 96.3 MPH)
|
Pinch Hitting: SHB Domingo Leyba
|
0-0: Ball 1-0: Ball Wild Pitch! Hernan Perez to second 2-0: Foul Ball, location: 2F 2-1: Fly out, F3 (Popup, 3SF, EV 73.1 MPH)
|
Batting: RHB Luis Urias
|
0-0: Ball 1-0: Fly out, F7 (Flyball, 78S, EV 86.9 MPH)
|
Batting: LHB Juan Soto
|
0-0: Ball 1-0: Ball 2-0: Foul Ball, location: 2F 2-1: Foul Ball, location: 2F 2-2: Ball 3-2: Fly out, F8 (Flyball, 8LD, EV 102.5 MPH)
|
Bottom of the 9th over - 0 runs, 1 hit, 0 errors, 1 left on base; Cincinnati 6 - St. Louis 3 |
|